 Dungeon Crawl Stone Soup version 0.29-a0-648-g6b26cc9f40 (webtiles) character file.

Game seed: 2572422440365627240

93 wilfster70 the Firebug (level 4, 0/24 HPs)
             Began as a Gargoyle Fire Elementalist on June 19, 2022.
             Slain by an orc
             ... wielding a +0 mace
              (1 damage)
             ... on level 3 of the Dungeon on June 20, 2022.
             The game lasted 00:08:19 (3115 turns).

wilfster70 the Firebug (Gargoyle Fire Elementalist) Turns: 3115, Time: 00:08:19

Health: 0/24       AC:  5    Str: 11    XL:     4   Next: 62%
Magic:  3/8        EV: 11    Int: 18    God:
Gold:   115        SH:  0    Dex: 10    Spells: 5/8 levels left

rFire   . . .      SeeInvis .   a - +0 short sword
rCold   . . .      Faith    .   (no shield)
rNeg    + . .      Spirit   .   c - +0 robe
rPois   ∞          Reflect  .   (no helmet)
rElec   +          Harm     .   (no cloak)
rCorr   .          Rampage  .   (no gloves)
Will    .....                   (no boots)
Stlth   ++........              (no amulet)
HPRegen 0.08/turn               f - +4 ring of slaying
MPRegen 0.11/turn               (no ring)

@: no status effects
A: sickness immunity, AC +3, negative energy resistance 1, electricity
resistance, torment resistance 1, petrification resistance
a: no special abilities


You were on level 3 of the Dungeon.
You visited 1 branch of the dungeon, and saw 3 of its levels.

You collected 115 gold pieces.

Inventory:

Hand Weapons
 a - a +0 short sword (weapon)
Missiles
 g - 3 throwing nets
 k - 3 poisoned darts
Armour
 c - a +0 robe (worn)
Jewellery
 f - a +4 ring of slaying (left hand)
Potions
 b - 2 potions of magic
 d - a potion of berserk rage {unknown}
 e - a potion of lignification {unknown}
 h - a potion of heal wounds {unknown}
 i - a potion of flight
 j - 2 potions of might


   Skills:
 - Level 1.5 Dodging
 - Level 2.1 Stealth
 + Level 2.8 Spellcasting
 + Level 2.7 Conjurations
 * Level 4.0 Fire Magic


You had 5 spell levels left.
You knew the following spells:

 Your Spells              Type           Power      Damage    Failure   Level
a - Foxfire               Conj/Fire      56%        2x1d6     4%          1
b - Scorch                Fire           34%        2d6       4%          2

Your spell library contained the following spells:

 Spells                   Type           Power      Damage    Failure   Level
 Conjure Flame            Conj/Fire      14%        6-21      12%         3
 Apportation              Tloc           4%         N/A       17%         1
 Necrotize                Necr           8%         1d4       17%         1
 Summon Small Mammal      Summ           8%         N/A       17%         1
 Inner Flame              Hex/Fire       9%         N/A       22%         3
 Flame Wave               Conj/Fire      14%        2d6       38%         4


Dungeon Overview and Level Annotations

Branches:
Dungeon (3/15)

Altars:
Dithmenos

Annotations:
D:2 exclusion: downstairs
D:3 Sigmund


Innate Abilities, Weirdness & Mutations

You are immune to sickness and miasma.
Your stone body is resilient. (AC +3)
You are immune to poison.
You resist negative energy. (rN+)
You are resistant to electric shocks. (rElec)
You are resistant to unholy torment.
You are immune to petrification.


Message History

Confirm with . or Enter, or press ? or * to list all spells.
You conjure some foxfire!
The foxfire hits the orc.
The orc is almost dead.
The orc priest calls upon Beogh to heal the orc.
The orc is healed somewhat.
An orc comes into view. It is wielding a +0 mace.
The orc shouts!
You hear an angry hiss.
The foxfire hits the orc.
The orc is almost dead.
Casting: Foxfire (safe; 4% risk of failure)
Confirm with . or Enter, or press ? or * to list all spells.
You conjure some foxfire!
The bat hits you but does no damage. The orc hits you with a +0 short sword.
The foxfire hits the orc priest.
The orc priest is lightly wounded.
The foxfire hits the orc.
The orc is almost dead.
The orc hits you with a +0 short sword. The bat hits you.
Casting: Foxfire (safe; 4% risk of failure)
Confirm with . or Enter, or press ? or * to list all spells.
You conjure some foxfire!
The bat hits you but does no damage. The orc hits you with a +0 short sword.
* * * LOW HITPOINT WARNING * * *
The orc priest barely misses you.
The foxfire hits the bat.
You kill the bat!
The foxfire hits the orc priest.
The orc priest is moderately wounded.
The orc closely misses you.
The orc priest hits you but does no damage.
Casting: Foxfire (safe; 4% risk of failure)
Confirm with . or Enter, or press ? or * to list all spells.
Flames lash the orc.
You kill the orc!
The orc priest mumbles some strange prayers to Beogh against you.
Pain shoots through your body!
* * * LOW HITPOINT WARNING * * *
The orc hits you with a +0 mace.
You die...

..........###.........
......................
........).#.###.......
..........#.##########
...............#
#.........####.....
.......!..# ####
.......oo)#
........@.#
..........#
.........?#
#........## ##......##
########


You could see an orc priest and an orc.

Vanquished Creatures
  4 adders (D:2)
  A worm (D:2)
  4 orcs
  3 endoplasms (D:1)
  4 giant cockroaches
  2 goblins (D:1)
  3 hobgoblins
  6 jackals (D:1)
  A quokka (D:1)
  5 ball pythons
  3 bats
  6 frilled lizards
  3 kobolds (D:1)
  4 rats
49 creatures vanquished.

Vanquished Creatures (others)
  82 foxfires
82 creatures vanquished.

Grand Total: 131 creatures vanquished

Notes
Turn   | Place    | Note
-------+----------+-------------------------------------------
     0 | D:1      | wilfster70 the Gargoyle Fire Elementalist began the quest
                  | for the Orb.
     0 | D:1      | Reached XP level 1. HP: 10/10 MP: 3/3
   104 | D:1      | Reached XP level 2. HP: 9/15 MP: 5/5
   424 | D:1      | Learned a level 2 spell: Scorch
   833 | D:1      | Upgraded the game from 0.29-a0-643-ga013cefcf8 to
                  | 0.29-a0-648-g6b26cc9f40
  1123 | D:1      | Reached XP level 3. HP: 19/19 MP: 2/6
  1576 | D:2      | Found a faded altar of an unknown god.
  1637 | D:2      | Found a shadowy altar of Dithmenos.
  2113 | D:2      | Reached XP level 4. HP: 12/24 MP: 1/8
  2799 | D:3      | Noticed Sigmund
  3099 | D:3      | Reached skill level 4 in Fire Magic
  3114 | D:3      | HP: 1/24 [orc priest/nerve-wracking pain (6)]
  3115 | D:3      | Slain by an orc

Illustrated notes

Levels and vault maps discovered:
D:1:      heliophobic_arrival_glass_houses, layout_loops_cross
D:2:      layout_basic, basic_altar, hellmonk_ecumenical_altar_lost_god,
          minmay_pentomino_x4
D:3:      layout_rooms, mainiacjoe_overflow_catwalk, yredelemnul_altar_generic,
          serial_shops, shop, uniq_sigmund

Skill      XL: |  1  2  3  4 |
---------------+-------------+-----
Conjurations   | 2 |  2.7
Fire Magic     | 4 |  4.0
Dodging        | |  1.5
Stealth        | |  2.1
Spellcasting   | |  2.8

Action                   |  1- 3 |  4- 6 || total
-------------------------+-------+-------++-------
Melee: Short sword       |    16 |     4 ||    20
 Cast: Foxfire           |    32 |    14 ||    46
       Scorch            |    15 |     3 ||    18
  Use: Scroll            |       |     5 ||     5
 Stab: Sleeping          |     2 |       ||     2
Armor: Robe              |    15 |     5 ||    20
Dodge: Dodged            |    31 |     5 ||    36

Table legend: (Time is in decaauts)
 A = Elapsed time spent in this place.
 B = Non-inter-level travel time spent in this place.
 C = Inter-level travel time spent in this place.
 D = Time resting spent in this place.
 E = Time spent auto-exploring this place.
 F = Levels seen in this place.
 G = Mean time per level.
                   A        B        C        D        E       F      G
               +--------+--------+--------+--------+--------+-----+--------+
         Total |   3115 |   3018 |     97 |   1032 |   1238 |   3 | 1038.3 |
       Dungeon |   3115 |   3018 |     97 |   1032 |   1238 |   3 | 1038.3 |
               +--------+--------+--------+--------+--------+-----+--------+

Top non-repeatable levels by time:
     D:1: 1545 daAuts
     D:2: 1521 daAuts
     D:3: 49 daAuts
